 Dungeon Crawl Stone Soup version 0.21.0-3-g78d12a8bdd (webtiles) character file.

198 Bapho the Slasher (level 5, -1/46 HPs)
             Began as a Minotaur Abyssal Knight on Jan 11, 2018.
             Was a Believer of Lugonu.
             Slain by a sky beast (6 damage)
             ... on level 2 of the Dungeon.
             The game lasted 00:04:25 (2244 turns).

Bapho the Slasher (Minotaur Abyssal Knight)         Turns: 2244, Time: 00:04:26

Health: -1/46      AC:  6    Str: 18    XL:     5   Next: 47%
Magic:  6/6        EV: 12    Int:  9    God:    Lugonu [**....]
Gold:   183        SH:  0    Dex:  9    Spells: 4/4 levels left

rFire    . . .     SeeInvis .   a - +1 falchion
rCold    . . .     Gourm    .   (no shield)
rNeg     . . .     Faith    .   h - +0 leather armour
rPois    .         Spirit   .   (helmet restricted)
rElec    .         Reflect  .   (no cloak)
rCorr    .         Harm     .   (no gloves)
MR       .....                  m - +2 pair of boots
Stlth    +.........             (no amulet)
HPRegen  0.15/turn              (no ring)
MPRegen  0.10/turn              (no ring)

@: no status effects
A: retaliatory headbutt, horns 2
a: Depart the Abyss, Bend Space, Renounce Religion


You were on level 2 of the Dungeon.
You worshipped Lugonu.
Lugonu was pleased with you.
You were not hungry.

You visited 1 branch of the dungeon, and saw 3 of its levels.
You visited the Abyss 1 time.

You collected 183 gold pieces.

Inventory:

Hand Weapons
 a - a +1 falchion (weapon)
 b - a +0 hunting sling
 v - a +0 hand crossbow
Missiles
 l - 8 stones (quivered)
 u - 23 arrows
Armour
 h - a +0 leather armour (worn)
 m - a +2 pair of boots (worn)
Scrolls
 d - a scroll of fear {unknown}
 e - 2 scrolls of identify {unknown}
 f - 2 scrolls of blinking {unknown}
 g - a scroll of enchant weapon {unknown}
 i - 2 scrolls of teleportation {unknown}
 k - a scroll of immolation {unknown}
 p - 2 scrolls of remove curse {unknown}
 q - 2 scrolls of fog {unknown}
 r - a scroll of magic mapping {unknown}
Potions
 j - a potion of flight {unknown}
 o - a potion of heal wounds {unknown}
 s - a potion of curing {unknown}
 t - a potion of invisibility {unknown}
Comestibles
 c - 7 rations


   Skills:
 - Level 4.2 Fighting
 * Level 4.8 Long Blades
 - Level 3.4 Armour
 - Level 2.2 Dodging
 - Level 2.9 Invocations


You had 4 spell levels left.
You didn't know any spells.

Dungeon Overview and Level Annotations

Branches:
Dungeon (3/15)

Altars:
Dithmenos

Annotations:
D:3 Terence


Innate Abilities, Weirdness & Mutations

You reflexively headbutt those who attack you in melee.
You have a pair of horns on your head.


Message History

A sky beast appears from thin air!
Reactivating autopickup.
The sky beast flickers out of sight!
Deactivating autopickup; reactivate with Ctrl-A.
A sky beast appears from thin air!
Reactivating autopickup.
You miss the sky beast. The sky beast closely misses you.
You furiously retaliate!
You headbutt the sky beast. You hit the sky beast.
Your headbutt misses the sky beast.
The sky beast is moderately wounded.
The sky beast hits you.
* * * LOW HITPOINT WARNING * * *
The sky beast shocks you.
* * * LOW HITPOINT WARNING * * *
You slash the sky beast!
The sky beast is heavily wounded.
The sky beast hits you.
* * * LOW HITPOINT WARNING * * *
The sky beast shocks you.
You die...

##### ####...#
#......###
#.#.#.....
#......###
#.#.#..#
#########.....####
#.Y......>........
#@################
#.# #.........#
#.###.#######.#
#.....# #.#
####### #.# #.#
#.#### #...)#
######


You could see a sky beast.

Vanquished Creatures
  A bullfrog (D:2)
  A howler monkey zombie (D:2)
  5 adders (D:2)
  An ooze (D:2)
  4 worms (D:2)
  2 dart slugs
  2 giant cockroaches
  7 goblins
  5 hobgoblins
  3 jackals (D:2)
  7 kobolds
  2 quokkas (D:2)
  2 ball pythons
  11 bats
  4 frilled lizards
  3 rats
60 creatures vanquished.

Notes
Turn   | Place    | Note
-------+----------+-------------------------------------------
     0 | Abyss:1  | Bapho the Minotaur Abyssal Knight began the quest for the Orb.
     0 | Abyss:1  | Reached XP level 1. HP: 19/19 MP: 1/1
    28 | Abyss:1  | Noticed a spatial maelstrom
    62 | Abyss:1  | Noticed a raiju
    63 | D:1      | Escaped the Abyss
   108 | D:1      | Reached * piety under Lugonu
   248 | D:1      | Reached XP level 2. HP: 20/27 MP: 2/2
   900 | D:2      | Reached XP level 3. HP: 33/33 MP: 3/3
   991 | D:2      | Found a shadowy altar of Dithmenos.
  1351 | D:2      | Reached XP level 4. HP: 25/40 MP: 4/4
  1552 | D:2      | Reached ** piety under Lugonu
  1843 | D:2      | Noticed a bullfrog
  1849 | D:2      | Killed a bullfrog
  1849 | D:2      | Reached XP level 5. HP: 45/46 MP: 4/6
  2197 | D:3      | Noticed a sky beast
  2204 | D:3      | Noticed Terence
  2244 | D:2      | Slain by a sky beast

Skill      XL: |  1  2  3  4 |
---------------+-------------+-----
Invocations    | 2 |  2.9
Long Blades    | 3 4 |  4.8
Armour         | 3 |  3.4
Fighting       | 4 |  4.2
Dodging        | 2 |  2.2

Action                   |  1- 3 |  4- 6 || total
-------------------------+-------+-------++-------
Melee: Falchion          |    56 |    48 ||   104
       Headbutt          |     5 |    10 ||    15
 Fire: Hunting sling     |    24 |    24 ||    48
Throw: Stone             |    31 |    12 ||    43
Invok: Depart the Abyss  |     1 |       ||     1
  Eat: Chunk             |     1 |     3 ||     4
Armor: Leather armour    |    18 |    20 ||    38
Dodge: Dodged            |    44 |    36 ||    80
       Rpst.: Falchion   |    12 |     5 ||    17
